Map: Orbital Shipyard

Players

xKawaiian - Winner!

  • Race: Terran Terran
  • League: Master

Impure

  • Race: Terran Terran
  • League: Grandmaster

VOD

Have the link to the VOD?

Description

Time

  • Played on: Jan. 16, 2016, 12:21 a.m.
  • Length: 5:29
Show
View Real Time Build Order
Export as new Build Order

xKawaiian Terran - Winner!

Build Orders: 1/1/1, Cyclone Opening 

Get SALT Encoding   

  12  0:00  SCV  
  13  0:13  SCV  
  14  0:17  Supply Depot  
  14  0:25  SCV  
  15  0:39  SCV  
  15  0:40  Barracks  
  16  0:46  Refinery  
  16  0:51  SCV  
  16  0:52  Refinery  
  17  1:03  SCV  
  18  1:15  SCV  
  19  1:28  Marine  
  19  1:30  Orbital Command  
  20  1:34  Factory  
  20  1:45  Supply Depot  
  20  1:46  Marine  
  21  1:59  SCV  
  22  2:05  Marine  
  23  2:11  SCV  
  24  2:19  Factory Tech Lab  
  24  2:20  Starport  
  24  2:23  SCV, Marine  
  26  2:36  SCV  
  27  2:39  Cyclone  
  27  2:41  Marine  
  31  2:46  Supply Depot  
  31  2:49  SCV  
  30  2:59  Marine  
  30  3:02  Supply Depot  
  31  3:08  SCV, Medivac  
  31  3:11  Siege Tank  
  37  3:17  Marine  
  38  3:20  SCV  
  38  3:24  Liberator  
  38  3:25  Engineering Bay  
  39  3:35  Marine  
  39  3:39  Supply Depot  
  43  3:50  SCV  
  43  3:53  Missile Turret, Marine  
  45  4:08  Siege Tank  
  48  4:10  SCV, Marine  
  50  4:28  Marine  
  51  4:38  Command Center  
  51  4:39  SCV  
  51  4:40  Siege Tank  
  54  4:58  Marine  
  55  5:14  Barracks  
  55  5:16  SCV  
  55  5:17  Barracks  
Show
View Real Time Build Order
Export as new Build Order

Impure Terran 

Build Orders:  

Get SALT Encoding   

  12  0:02  SCV  
  13  0:14  SCV  
  14  0:19  Supply Depot  
  14  0:26  SCV  
  15  0:41  SCV  
  16  0:46  Barracks  
  16  0:47  Refinery  
  16  0:53  SCV  
  17  1:00  Barracks  
  17  1:07  SCV  
  18  1:19  SCV  
  19  1:31  SCV  
  20  1:34  Reaper  
  21  1:44  Orbital Command  
  21  1:51  Reaper  
  22  2:07  Supply Depot  
  21  2:08  Reaper  
  21  2:10  SCV  
  23  2:23  Command Center  
  23  2:28  SCV  
  24  2:34  Refinery  
  24  2:38  Reaper  
  24  2:41  Supply Depot  
  25  2:49  Reaper  
  25  2:50  SCV  
  25  3:02  Barracks  
  25  3:11  SCV  
  26  3:24  SCV  
  26  3:26  Barracks Tech Lab  
  26  3:27  Factory  
  26  3:35  Orbital Command  
  26  3:36  SCV  
  27  3:41  Engineering Bay  
  27  3:45  Marine  
  27  3:48  SCV, Marine  
  28  3:54  Marine  
  31  4:04  Marine  
  31  4:06  Marine  
  33  4:11  Factory Tech Lab  
  33  4:12  Marine  
  33  4:16  Starport  
  34  4:22  SCV  
  34  4:23  Supply Depot  
  34  4:24  Marine  
  36  4:27  SCV  
  36  4:30  Siege Tank, Marine  
  42  4:34  SCV  
  41  4:41  Marine  
  33  4:53  Marine  
  33  4:57  SCV  
  33  4:59  SCV  
Tags
 
Add a new tag
Caveats
  • Supply blocks, unpowered buildings, or Contaminate may cause inaccurate times.
  • Supply counts are checked every 10 seconds.